 Dungeon Crawl Stone Soup version 0.24.0-13-gcf9b3192b9 (webtiles) character file.

Game seed: 3163694581671435310, levelgen mode: deterministic

880 Arum the Skirmisher (level 7, 0/56 HPs)
             Began as a Demonspawn Gladiator on Nov 5, 2019.
             Was a Follower of Okawaru.
             Slain by a soldier ant (shapeshifter) (10 damage)
             ... on level 5 of the Dungeon.
             The game lasted 00:08:16 (5644 turns).

Arum the Skirmisher (Demonspawn Gladiator)          Turns: 5644, Time: 00:08:16

Health: 0/56       AC:  5    Str: 18    XL:     7   Next: 75%
Magic:  0/7        EV: 15    Int:  9    God:    Okawaru [*.....]
Gold:   246        SH:  0    Dex: 15    Spells: 6/6 levels left

rFire    . . .     SeeInvis .   C - +4 short sword of Ataum {chaos, rC+ Str+2}
rCold    + + .     Gourm    .   (no shield)
rNeg     . . .     Faith    .   a - +0 leather armour
rPois    .         Spirit   +   b - +0 helmet
rElec    .         Reflect  .   (no cloak)
rCorr    .         Harm     .   g - +0 pair of gloves
MR       .....                  (no boots)
Stlth    ++........             i - amulet of guardian spirit
HPRegen  0.18/turn              m - ring of protection from cold
MPRegen  0.10/turn              (no ring)

@: no status effects
A: hooves 2, nightstalker 1
a: Heroism, Renounce Religion


You were on level 5 of the Dungeon.
You worshipped Okawaru.
Okawaru was aware of your devotion.
You were hungry.

You visited 1 branch of the dungeon, and saw 5 of its levels.

You collected 246 gold pieces.

Inventory:

Hand Weapons
 C - the +4 short sword of Ataum (weapon) {chaos, rC+ Str+2}
   (You took it off a kobold on level 3 of the Dungeon)

   Each time it hits an enemy it has a different, random effect.
   It affects your strength (+2).
   It protects you from cold.
Missiles
 n - 28 poisoned darts (quivered)
 p - 14 curare-tipped darts
 w - 7 boomerangs
Armour
 a - a +0 leather armour (worn)
 b - a +0 helmet (worn)
 g - a +0 pair of gloves (worn)
Jewellery
 i - an amulet of guardian spirit (around neck)
 m - a ring of protection from cold (left hand)
 z - a cursed ring of fire {unknown}
 D - a cursed amulet of inaccuracy {unknown}
Wands
 t - a wand of flame (30)
Scrolls
 j - 6 scrolls of fear {unknown}
 l - a scroll of enchant armour {unknown}
 o - 2 scrolls of identify {unknown}
 q - 2 scrolls of fog {unknown}
 r - 2 scrolls of teleportation {unknown}
 u - a scroll of noise {unknown}
 x - a scroll of amnesia {unknown}
 y - a scroll of blinking {unknown}
Potions
 e - 2 potions of curing
 f - 5 potions of heal wounds {unknown}
 h - 2 potions of haste
 k - 2 potions of magic {unknown}
 s - a potion of might {unknown}
 v - a potion of brilliance {unknown}
 A - a potion of resistance {unknown}
 B - a potion of ambrosia {unknown}
Comestibles
 d - 11 rations


   Skills:
 + Level 5.3 Fighting
 + Level 1.2 Short Blades
 - Level 1.7 Throwing
 + Level 5.2 Dodging
 + Level 0.0 Stealth
 - Level 5.2 Unarmed Combat


You had 6 spell levels left.
You didn't know any spells.
Your spell library was empty.

Dungeon Overview and Level Annotations

Branches:
Dungeon (5/15)
 Temple: D:4-7

Altars:
Dithmenos
Elyvilon
Makhleb
Okawaru
Trog
Uskayaw
The Shining One


Innate Abilities, Weirdness & Mutations

You have hoof-like feet.
You are slightly more attuned to the shadows.


Message History

You feel better. The soldier ant barely misses you.
The soldier ant completely misses you.
Throwing (i - inventory. (/) - cycle)
c - 2 throwing nets (quivered)
Press: ? - help, Shift-Dir - straight line, f/p - soldier ant
Aim: a soldier ant shaped shifter (severely wounded, berserk, fast, unusually strong)
You throw a throwing net.
The throwing net closely misses the soldier ant.
The soldier ant stings you.
* * * LOW HITPOINT WARNING * * *
Throwing (i - inventory. (/) - cycle)
c - a throwing net (quivered)
Press: ? - help, Shift-Dir - straight line, f/p - soldier ant
Aim: a soldier ant shaped shifter (severely wounded, berserk, fast, unusually strong)
You throw a throwing net.
The throwing net barely misses the soldier ant.
The soldier ant stings you but does no damage.
The soldier ant closely misses you.
You hit the soldier ant.
The soldier ant is poisoned.
You kick the soldier ant.
The soldier ant is severely wounded.
The soldier ant stings you!
You die...

### #.. #.# ##
# #.# ..
##.##.#####. #.
#.....a..... #.
#@# #. #.#
.#####. #.#
#..# ....... #
##.# #...#
#####. #. #..#
#..# #. ##.
#.##
#..########.
...#.#
#...........
#.#.#
####...........
#...#
#..............


You could see a soldier ant shaped shifter (berserk).

Vanquished Creatures
  Menkaure (D:4)
  An orc warrior (D:3)
  A phantom (D:4)
  The ghost of Lanoc the Ruffian, an amateur DrTm (D:3)
  A centaur (D:5)
  A jelly (D:5)
  2 hounds (D:4)
  Natasha (D:2)
  An iguana (D:5)
  3 worker ants
  7 adders
  2 oozes
  An adder skeleton (D:5)
  3 worms
  2 dart slugs
  2 leopard geckos
  5 orcs
  2 ball pythons (D:3)
  10 giant cockroaches
  8 hobgoblins
  7 jackals
  2 quokkas
  5 bats
  2 frilled lizards (D:3)
  12 goblins
  16 kobolds
  A leopard gecko skeleton (D:4)
  A quokka skeleton (D:5)
  14 rats
115 creatures vanquished.

Vanquished Creatures (others)
  2 fungi (D:3)
2 creatures vanquished.

Grand Total: 117 creatures vanquished

Notes
Turn   | Place    | Note
-------+----------+-------------------------------------------
     0 | D:1      | Arum the Demonspawn Gladiator began the quest for the Orb.
     0 | D:1      | Reached XP level 1. HP: 16/16 MP: 1/1
   171 | D:1      | Gained mutation: You have large cloven feet. [demonic
                  | ancestry]
   171 | D:1      | Reached XP level 2. HP: 11/22 MP: 2/2
   930 | D:1      | Reached XP level 3. HP: 28/28 MP: 3/3
  1165 | D:2      | Found a white marble altar of Elyvilon.
  1166 | D:2      | Found a hide-covered altar of Uskayaw.
  1353 | D:2      | Found a glowing golden altar of the Shining One.
  1463 | D:2      | Gained mutation: You have hoof-like feet. [demonic
                  | ancestry]
  1463 | D:2      | Reached XP level 4. HP: 29/34 MP: 4/4
  1504 | D:2      | Noticed Natasha
  1518 | D:2      | Killed Natasha
  2187 | D:2      | Noticed a moth of wrath
  2190 | D:2      | Found a bloodstained altar of Trog.
  2525 | D:3      | Reached XP level 5. HP: 34/41 MP: 5/5
  2764 | D:3      | Noticed an orc warrior
  2800 | D:3      | Killed an orc warrior
  3060 | D:3      | Reached XP level 6. HP: 48/48 MP: 6/6
  3157 | D:3      | Found a shadowy altar of Dithmenos.
  3267 | D:3      | Found a runed translucent gate.
  3267 | D:3      | Found a runed translucent gate.
  3267 | D:3      | Found a runed translucent gate.
  3268 | D:3      | Identified the +4 short sword of Ataum {chaos, rC+ Str+2}
  3270 | D:3      | Noticed Lanoc's ghost (amateur DrTm)
  3403 | D:3      | Killed Lanoc's ghost
  3527 | D:3      | Found an iron altar of Okawaru.
  3535 | D:3      | Became a worshipper of Warmaster Okawaru
  3708 | D:3      | Found a burning altar of Makhleb.
  4223 | D:4      | Noticed Menkaure
  4236 | D:4      | Killed Menkaure
  4236 | D:4      | Gained mutation: You are slightly more attuned to the
                  | shadows. [demonic ancestry]
  4236 | D:4      | Reached XP level 7. HP: 55/55 MP: 7/7
  4536 | D:4      | Reached * piety under Okawaru
  4958 | D:4      | Reached skill level 5 in Fighting
  4958 | D:4      | Reached skill level 5 in Dodging
  4958 | D:4      | Reached skill level 5 in Unarmed Combat
  5138 | D:5      | Entered Level 5 of the Dungeon
  5457 | D:5      | Reached skill level 1 in Short Blades
  5630 | D:5      | Noticed a shapeshifter
  5630 | D:5      | a sky beast changed into a shapeshifter
  5630 | D:5      | a shapeshifter changed into a soldier ant
  5638 | D:5      | HP: 2/56 [soldier ant (shapeshifter) (16)]
  5644 | D:5      | Slain by a soldier ant (shapeshifter)

Levels and vault maps discovered:
D:1:      lemuel_arrival_muddy, layout_loops_ring, hangedman_decor_push
D:2:      layout_basic, chequers_temple_overflow_statue_of_worship,
          nicolae_tso_swordbearing_angel, tgw_trog, uniq_natasha
D:3:      minmay_spotlight, layout_basic, lemuel_round_altar,
          grunt_dithmenos_smoke, kennysheep_okawaru_gauntlet,
          gammafunk_ghost_nasty_kobolds, minmay_diced_spiral
D:4:      layout_basic, first_ration, uniq_menkaure
D:5:      layout_loops_ring, kennysheep_path_1

Skill      XL: |  1  2  3  4  5  6  7 |
---------------+----------------------+-----
Unarmed Combat | 3 4 5 |  5.2
Dodging        | 3 4 5 |  5.2
Fighting       | 3 4 5 |  5.3
Short Blades   | 1 |  1.2
Throwing       | |  1.7

Action                   |  1- 3 |  4- 6 |  7- 9 || total
-------------------------+-------+-------+-------++-------
Melee: Unarmed           |   140 |   187 |    20 ||   347
       Kick              |    23 |    53 |    17 ||    93
       Punch             |     1 |     4 |     1 ||     6
       Short sword       |       |       |    42 ||    42
Throw: Dart              |       |    16 |       ||    16
       Throwing net      |       |       |     3 ||     3
  Use: Potion            |       |       |     4 ||     4
 Stab: Sleeping          |       |       |     3 ||     3
       Paralysed         |       |       |     2 ||     2
  Eat: Chunk             |     2 |     7 |     2 ||    11
       Ration            |       |       |     1 ||     1
Armor: Leather armour    |    45 |    39 |    12 ||    96
Dodge: Dodged            |    92 |   102 |    29 ||   223
